 Dungeon Sprint DCSS version 0.30-a0-368-g86fb4627a9 (webtiles) character file.

Game seed: 8784587430536543748

24 mhtbhm the Covered (level 2, -1/28 HPs)
             Began as an Armataur Fighter on Nov 19, 2022.
             Was an Initiate of Gozag.
             Slain by a black bear (2 damage)
             ... in the Dungeon (Sprint VII: "The Pits").
             The game lasted 00:00:25 (170 turns).

mhtbhm the Covered (Armataur Fighter)                Turns: 170, Time: 00:00:26

Health: -1/28      AC:  7    Str: 21    XL:     2   Next: 79%
Magic:  2/2        EV:  7    Int:  8    God:    Gozag
Gold:   504        SH:  4    Dex:  9    Spells: 1/1 levels left

rFire   . . .      SeeInvis .    a - +2 hand axe (flame)
rCold   . . .      Faith    .    c - +0 buckler
rNeg    . . .      Spirit   .    b - +0 scale mail
rPois   .          Reflect  .    (no helmet)
rElec   .          Harm     .    (no cloak)
rCorr   .          Roll     +    (no gloves)
Will    .....      NoTele   +    (no barding)
Stlth   ..........               (no amulet)
HPRegen 0.24/turn                (no ring)
MPRegen 0.08/turn                (no ring)

@: gold aura
A: large, rugged brown scales 3, deformed body, armoured tail, roll, long
tongue, awkward tongue
a: Renounce Religion, Potion Petition, Call Merchant, Bribe Branch


You were in the Dungeon.
You worshipped Gozag.
Gozag was pleased with you.
You visited 1 branch You collected 504 gold pieces.

Inventory:

Hand Weapons
 a - a +2 hand axe of flaming (weapon)
Armour
 b - a +0 scale mail (worn)
 c - a +0 buckler (worn)
Scrolls
 j - a scroll of blinking
 l - 5 scrolls of amnesia
 m - a scroll of summoning
Potions
 d - a potion of might
 e - a potion of curing
 f - a potion of heal wounds
 g - a potion of haste
 h - 4 potions of magic
 i - 3 potions of berserk rage
 k - 2 potions of invisibility


   Skills:
 + Level 3.8 Fighting
 + Level 2.2 Axes
 + Level 5.2 Armour
 + Level 4.6 Shields


You had one spell level left.
You didn't know any spells.
Your spell library was empty.

Dungeon Overview and Level Annotations

Branches:
Dungeon (1/1)

Altars:
Ashenzari
Cheibriados
Dithmenos
Elyvilon
Fedhas
Gozag
Hepliaklqana
Kikubaaqudgha
Makhleb
Nemelex Xobeh
Okawaru
Qazlal
Ru
Sif Muna
Trog
Uskayaw
Vehumet
Wu Jian
Xom
Yredelemnul
Zin
The Shining One
Jiyva
Lugonu


Innate Abilities, Weirdness & Mutations

You are completely covered in rugged brown scales. (AC +3, +7% HP)
Armour fits poorly on your strangely shaped body.
You have a long armoured tail.
You roll when moving toward enemies. (Rampage)
Your long tongue fully drains potion bottles. (2x potion effects)
Your tongue gives you trouble enunciating. (1.5x scroll delay)


Message History

You now have 396 gold pieces (gained 117).
You now have enough gold to petition Gozag for potion effects.
You now have 504 gold pieces (gained 108).
You start resting.
HP restored.
A frilled lizard and a black bear come into view.
The black bear growls angrily.
There is a large open door here.
You hit the black bear. You burn the black bear.
The black bear is moderately wounded.
You slash the frilled lizard! You burn the frilled lizard.
You kill the frilled lizard!
The black bear bites you. The black bear closely misses you.
The black bear claws you.
You closely miss the black bear.
The black bear is moderately wounded.
The black bear bites you. You block the black bear's attack. x2
You hit the black bear. You burn the black bear.
Your tail-slap misses the black bear.
The black bear is moderately wounded.
The black bear barely misses you.
The black bear claws you but does no damage. x2
You hit the black bear. You burn the black bear.
The black bear is heavily wounded.
The black bear bites you.
The black bear claws you but does no damage. x2
You block the black bear's attack. The black bear claws you.
You block the black bear's attack.
You hit the black bear. You burn the black bear.
The black bear is severely wounded.
The black bear goes berserk!
You hit the black bear. You burn the black bear.
The black bear is almost dead.
The black bear bites you!
* * * LOW HITPOINT WARNING * * *
The black bear barely misses you. The black bear claws you.
* * * LOW HITPOINT WARNING * * *
The black bear bites you.
You die...
Your body crumbles into a pile of gold.

#.?(.))))'.##......#.
##########.##........
#...........'........
#+#####'#####......#.
#..#...'.##........
#..#...#.#####'####
#..#####.##.......#
#..'...#.##.......#
#.@'...).##.......#
#$h########...<...#
#..+ #.......# #..#
#.......# ####
#.......# #########


You could see a black bear (berserk).

Vanquished Creatures
  A river rat (D)
  An ufetubus (D)
  A ball python (D)
  A giant cockroach (D)
  3 jackals (D)
  A frilled lizard (D)
  A kobold (D)
  A rat (D)
10 creatures vanquished.

Notes
Turn   | Place    | Note
-------+----------+-------------------------------------------
     0 | D        | mhtbhm the Armataur Fighter began the quest for the Orb.
     0 | D        | Reached XP level 1. HP: 19/19 MP: 1/1
    18 | D        | Reached skill level 4 in Armour
    24 | D        | Found a bloodstained altar of Trog.
    24 | D        | Found a shimmering blue altar of Sif Muna.
    24 | D        | Found a viscous altar of Jiyva.
    24 | D        | Found a hazy altar of Hepliaklqana.
    24 | D        | Found an opulent altar of Gozag.
    25 | D        | Found a glowing golden altar of the Shining One.
    25 | D        | Found a glowing silver altar of Zin.
    25 | D        | Found a basalt altar of Yredelemnul.
    25 | D        | Found a shimmering altar of Xom.
    25 | D        | Found an ornate altar of the Wu Jian Council.
    25 | D        | Found a sacrificial altar of Ru.
    25 | D        | Found a stormy altar of Qazlal.
    25 | D        | Found an iron altar of Okawaru.
    25 | D        | Found a sparkling altar of Nemelex Xobeh.
    25 | D        | Found a burning altar of Makhleb.
    25 | D        | Found a blossoming altar of Fedhas.
    25 | D        | Found a white marble altar of Elyvilon.
    25 | D        | Found a shadowy altar of Dithmenos.
    25 | D        | Found a snail-covered altar of Cheibriados.
    27 | D        | Found a radiant altar of Vehumet.
    27 | D        | Found a corrupted altar of Lugonu.
    28 | D        | Found a hide-covered altar of Uskayaw.
    28 | D        | Found an ancient bone altar of Kikubaaqudgha.
    28 | D        | Found a broken altar of Ashenzari.
    34 | D        | Became a worshipper of Gozag Ym Sagoz the Greedy
    83 | D        | Reached XP level 2. HP: 25/27 MP: 2/2
   122 | D        | Reached skill level 5 in Armour
   163 | D        | Noticed a black bear
   170 | D        | HP: 1/28 [black bear (4)]
   170 | D        | Slain by a black bear

Illustrated notes

Levels and vault maps discovered:
D:        pitsprint [storerooms_1, entrance_room_1, metal_vault_5, armoury_1,
          mini_pit_1, grid_room_1, main_hall_1, silver_pit, the_coven_1,
          the_vestibule_1, steel_vault_3, golden_pit, hallway_of_sentries,
          crystal_vault_6, iron_vault_4, final_vault]

Skill      XL: |  1  2 |
---------------+-------+-----
Fighting       | 3 |  3.8
Armour         | 4 5 |  5.2
Shields        | 4 |  4.6
Axes           | 2 |  2.2

Action                   || total
-------------------------++-------
Melee: Hand axe          ||    25
       War axe           ||     2
       Tailslap          ||     1
 Stab: Distracted        ||     1
Armor: Scale mail        ||    16
Dodge: Dodged            ||    10
Block: Buckler           ||     8

Table legend: (Time is in decaauts)
 A = Elapsed time spent in this place.
 B = Non-inter-level travel time spent in this place.
 C = Inter-level travel time spent in this place.
 D = Time resting spent in this place.
 E = Time spent auto-exploring this place.
 F = Levels seen in this place.
 G = Mean time per level.
                   A        B        C        D        E       F      G
               +--------+--------+--------+--------+--------+-----+--------+
         Total |    176 |    176 |      0 |     38 |      0 |   1 |  176.0 |
       Dungeon |    176 |    176 |      0 |     38 |      0 |   1 |  176.0 |
               +--------+--------+--------+--------+--------+-----+--------+

Top non-repeatable levels by time:
       D: 176 daAuts
